 Dungeon Crawl Stone Soup version 0.20-a0-949-g916514f (webtiles) character file.

60 rhapsody01 the Chopper (level 3, -2/34 HPs)
             Began as a Minotaur Berserker on Apr 4, 2017.
             Was a Believer of Trog.
             Succumbed to CalmDownMonkey's ghost's poison
             ... on level 3 of the Dungeon.
             The game lasted 00:07:42 (1487 turns).

rhapsody01 the Chopper (Minotaur Berserker)         Turns: 1487, Time: 00:07:43

Health: -2/34      AC:  2    Str: 22    XL:     3   Next: 82%
Magic:  2/2        EV: 12    Int:  9    God:    Trog [**....]
Gold:   84         SH:  0    Dex:  9    Spells: 2/2 levels left

rFire    . . .     SeeInvis .   a - +0 hand axe
rCold    . . .     Gourm    .   (no shield)
rNeg     . . .     Faith    .   b - +0 animal skin
rPois    .         Spirit   .   (helmet restricted)
rElec    .         Reflect  .   (no cloak)
rCorr    .         Harm     .   (no gloves)
MR       .....                  (no boots)
Stlth    +.........             (no amulet)
Regen    0.2/turn               (no ring)
MPRegen  0.1/turn               (no ring)

@: confused, brilliant, lethally poisoned (-2 -> -26), exhausted, flying, very
slightly contaminated, slowed, glowing, invisible (but backlit and visible),
very slow
A: retaliatory headbutt, horns 2
a: Berserk, Trog's Hand, Burn Spellbooks, Renounce Religion


You were on level 3 of the Dungeon.
You worshipped Trog.
Trog was pleased with you.
You were hungry.

You visited 1 branch of the dungeon, and saw 3 of its levels.

You collected 84 gold pieces.

Inventory:

Hand Weapons
 a - a +0 hand axe (weapon)
Missiles
 d - 43 arrows
 e - 27 sling bullets
 m - 20 stones (quivered)
Armour
 b - a +0 animal skin (worn)
Jewellery
 o - an uncursed amulet of magic regeneration {unknown}
 s - an uncursed ring of ice {unknown}
 t - a cursed amulet of inaccuracy {unknown}
Scrolls
 g - 3 scrolls of identify {unknown}
 k - a scroll of enchant weapon {unknown}
 l - a scroll of teleportation {unknown}
 q - 2 scrolls of blinking {unknown}
 r - a scroll of amnesia {unknown}
Potions
 p - a potion of agility {unknown}
Comestibles
 c - a bread ration
 i - a fruit
 u - a chunk of flesh


   Skills:
 + Level 4.4 Fighting
 + Level 4.5 Axes
 + Level 2.8 Armour
 + Level 2.5 Dodging
 + Level 0.3 Stealth


You had 2 spell levels left.
You didn't know any spells.

Dungeon Overview and Level Annotations

Branches:
Dungeon (3/15)

Altars:

Annotations:
D:3 CalmDownMonkey's ghost, amateur SpEn


Innate Abilities, Weirdness & Mutations

You reflexively headbutt those who attack you in melee.
You have a pair of horns on your head.


Message History

You are more poisoned.
CalmDownMonkey's ghost misses you.
It was a potion of magic.
Magic courses through your body.
* * * LOW HITPOINT WARNING * * *
You feel very sick.
CalmDownMonkey's ghost gestures at you while chanting.
You are confused.
It was a potion of invisibility.
You become transparent, but the glow from your corona prevents you from becoming completely invisible.
* * * LOW HITPOINT WARNING * * *
You feel sick.
CalmDownMonkey's ghost hits you but does no damage.
You are more poisoned.
CalmDownMonkey's ghost points at you and mumbles some strange words.
You resist with significant effort.
You are very lightly contaminated with residual magic.
It was a potion of flight.
You feel very buoyant.
You fly up into the air.
You die...

### #.. #.# #.# #
#.# #.#W#
#####.#@#######
...........(...
......#.#######
#######.# #.#
######.###### ###
.............## ....
.##.###.####..#
.....
#....#.#####.#......


You could see CalmDownMonkey's ghost.

Vanquished Creatures
  An adder (D:2)
  An ooze (D:1)
  4 worms (D:2)
  2 dart slugs (D:2)
  A leopard gecko (D:2)
  3 goblins
  5 hobgoblins
  3 quokkas (D:2)
  7 bats
  A frilled lizard (D:1)
  2 kobolds (D:2)
  2 rats
32 creatures vanquished.

Notes
Turn   | Place    | Note
-------+----------+-------------------------------------------
     0 | D:1      | rhapsody01 the Minotaur Berserker began the quest for the Orb.
     0 | D:1      | Reached XP level 1. HP: 19/19 MP: 0/0
   103 | D:1      | Reached XP level 2. HP: 24/27 MP: 1/1
   844 | D:2      | Reached XP level 3. HP: 21/33 MP: 2/2
  1146 | D:2      | Reached ** piety under Trog
  1470 | D:3      | Noticed CalmDownMonkey's ghost (amateur SpEn)
  1486 | D:3      | HP: 1/34 [poisoned by CalmDownMonkey's ghost]
  1487 | D:3      | Succumbed to CalmDownMonkey's ghost's poison

Vault maps used:
D:1:      eino_arrival_cavern_b
D:2:      kennysheep_six_static_rooms
D:3:      portal_sewer_entry_b, minmay_misc_feat_doors

Skill      XL: |  1  2 |
---------------+-------+-----
Axes           | 4 |  4.5
Fighting       | 4 |  4.4
Armour         | |  2.8
Dodging        | |  2.5
Stealth        | |  0.3

Action                   || total
-------------------------++-------
Melee: Hand axe          ||    80
       Headbutt          ||    13
Invok: Berserk           ||     1
  Use: Potion            ||     5
  Eat: Chunk             ||     2
Armor: Animal skin       ||    12
Dodge: Dodged            ||    48
